 Dungeon Crawl Stone Soup version 0.30-a0-830-gfe289a77b0 (webtiles) character file.

Game seed: 8775014276338939666

19699 Nacht the Destroyer (level 12, -3/74 HPs)
             Began as a Demonspawn Earth Elementalist on Mar 1, 2023.
             Was a Follower of Vehumet.
             Slain by a black mamba (14 damage)
             ... on level 1 of the Lair of Beasts.
             The game lasted 00:18:43 (17732 turns).

Nacht the Destroyer (DsEE)                         Turns: 17732, Time: 00:18:44

Health: -3/74      AC: 11    Str: 10    XL:     12   Next: 38%
Magic:  35/36      EV: 12    Int: 26    God:    Vehumet [*.....]
Gold:   1036       SH:  0    Dex: 14    Spells: 27/33 levels left

rFire   . . .      SeeInvis .    o - +2 dagger (venom)
rCold   + . .      Faith    .    (no shield)
rNeg    . . .      Spirit   .    W - +2 robe {rC+}
rPois   .          Reflect  .    q - +0 hat {Stlth+}
rElec   .          Harm     .    (no cloak)
rCorr   +          Rampage  .    E - +1 Delatra's gloves {ID++}
Will    .....                    a - +0 pair of boots
Stlth   +++                      (no amulet)
HPRegen 0.32/turn                y - ring of magical power
MPRegen 0.25/turn                S - +6 ring of intelligence

@: lethally poisoned (-3 -> -32)
A: yellow scales 3, demonic magic 1, weakness stinger 1
a: Renounce Religion


You were on level 1 of the Lair of Beasts.
You worshipped Vehumet.
Vehumet was aware of your devotion.
You visited 3 branches of the dungeon, and saw 15 of its levels.
You also visited: Gauntlet.

You collected 1036 gold pieces.

Inventory:

Hand Weapons
 c - a +2 dagger of draining
 o - a +2 dagger of venom (weapon)
Missiles
 u - 18 poisoned darts
Armour
 a - a +0 pair of boots (worn)
 q - a +0 hat of stealth (worn)
 E - the +1 Delatra's gloves (worn) {ID++}
   (You found it on level 4 of the Dungeon)

   ID++:      It heals its wearer when they drink unknown potions, and restores
   their MP when they read unknown scrolls.
 L - the +2 robe "Bihicoku" {+Inv}
   (You found it on level 8 of the Dungeon)

   +Inv:      It lets you turn invisible.
 W - a +2 robe of cold resistance (worn)
Jewellery
 p - the ring "Teerphuu" {Str+3 Slay+4}
   (You found it in a Gauntlet)

   [ring of slaying]

   Str:       It affects your strength (+3).
   Slay:      It affects your accuracy & damage with ranged weapons and melee
   (+4).
 y - a ring of magical power (left hand)
 B - a ring of protection from cold
 S - a +6 ring of intelligence (right hand)
 U - a +4 ring of protection
 V - a ring of ice
Wands
 h - a wand of quicksilver (15)
 G - a wand of polymorph (7)
 H - a wand of digging (5)
 I - a wand of flame (29)
 J - a wand of paralysis (3)
 Q - a wand of iceblast (5)
 R - a wand of mindburst (4)
Scrolls
 e - a scroll of enchant weapon
 g - 2 scrolls of fear {unknown}
 i - 4 scrolls of magic mapping
 j - 10 scrolls of teleportation
 k - 2 scrolls of immolation
 m - 3 scrolls of butterflies {unknown}
 r - 2 scrolls of vulnerability
 v - 2 scrolls of blinking {unknown}
 w - 2 scrolls of silence {unknown}
 x - a scroll of brand weapon
 A - 2 scrolls of torment {unknown}
 D - 6 scrolls of fog
 K - a scroll of enchant armour
 M - 2 scrolls of amnesia
 O - 3 scrolls of poison {unknown}
Potions
 b - a potion of magic
 d - 2 potions of degeneration
 f - 4 potions of lignification
 l - a potion of resistance
 n - 2 potions of flight
 s - 2 potions of attraction
 t - a potion of berserk rage
 z - 3 potions of ambrosia
 C - a potion of brilliance
 F - a potion of might
 N - a potion of mutation
 P - 3 potions of curing


   Skills:
 - Level 1.7 Dodging
 - Level 1.7 Stealth
 + Level 11.0 Spellcasting
 - Level 12.0 Conjurations
 - Level 0.8 Transmutations
 + Level 11.6 Earth Magic


You had 27 spell levels left.
You knew the following spells:

 Your Spells              Type           Power      Damage    Failure   Level
a - Sandblast             Erth           100%       2d20      1%          1
b - Stone Arrow           Conj/Erth      100%       3d13      1%          3
w - Passwall              Tmut/Erth      39%        N/A       1%          2

Your spell library contained the following spells:

 Spells                   Type           Power      Damage    Failure   Level
 Foxfire                  Conj/Fire      100%       2x1d9     1%          1
 Magic Dart               Conj           100%       1d8       1%          1
 Dazzling Flash           Conj/Hex       90%        N/A       1%          3
 Mephitic Cloud           Conj/Pois/Air  35%        N/A       2%          3
 Iskenderun's Mystic Bla  Conj/Tloc      45%        2d10      3%          4
 Petrify                  Tmut/Erth      47%        N/A       3%          4
 Slow                     Hex            56%        N/A       4%          1
 Call Imp                 Summ           14%        N/A       6%          2
 Cigotuvi's Dreadful Rot  Necr/Pois/Air  28%        N/A       6%          2
 Lesser Beckoning         Tloc           28%        N/A       6%          2
 Poisonous Vapours        Pois/Air       28%        N/A       6%          2
 Arcjolt                  Conj/Air       22%        1d32      10%         5
 Confusing Touch          Hex            14%        N/A       12%         3
 Gell's Gravitas          Tloc           14%        N/A       12%         3
 Teleport Other           Tloc           14%        N/A       12%         3
 Vampiric Draining        Necr           14%        2d7       12%         3
 Vhi's Electric Charge    Tloc/Air       28%        N/A       12%         3
 Starburst                Conj/Fire      22%        6d8       47%         6
 Borgnjor's Revivificati  Necr           7%         N/A       100%        8
 Maxwell's Capacitive Co  Air            7%         ∞         100%        8
 Necromutation            Tmut/Necr      8%         N/A       100%        8
 Death's Door             Necr           7%         N/A       100%        9


Dungeon Overview and Level Annotations

Branches:
Dungeon (12/15)            Temple (1/1) D:5            Lair (2/5) D:8
Gauntlet (visited)
  Swamp: Lair:2-3    Shoals: Lair:2-3     Snake: Lair:2-3    Spider: Lair:2-3
    Orc: D:9-12

Altars:
Ashenzari
Cheibriados
Dithmenos
Gozag
Hepliaklqana
Kikubaaqudgha
Makhleb
Nemelex Xobeh
Okawaru
Qazlal
Ru
Sif Muna
Uskayaw
Vehumet
Wu Jian
Xom

Shops:
D:5 !   D:10 !


Innate Abilities, Weirdness & Mutations

You are completely covered in yellow scales. (AC +4, rCorr)
Spells you cast may paralyse adjacent enemies.
You have a small tail.


Message History

Found a tin of tremorstones (2/2).
Found a stone staircase leading down.
There is a stone staircase leading up here.
There are monsters nearby!
Casting: Sandblast (safe; 1% risk of failure)
Confirm with . or Enter, or press ? or * to list all spells.
Aiming: Sandblast (safe; 1% risk of failure)
Press: ? - help, Shift-Dir - straight line, f - black mamba
Aim: a black mamba (76% to hit)
The blast of sand hits the black mamba!
The black mamba is heavily wounded.
Malevolent energies surge around you. The black mamba bites you!
You are poisoned.
The black mamba poisons you! The black mamba closely misses you.
The water moccasin barely misses you.
The electric eel shoots out a bolt of lightning at you!
The bolt of electricity misses you.
You feel very sick. The black mamba closely misses you.
The water moccasin misses you. The black mamba misses you.
The electric eel shoots out a bolt of lightning at you!
The bolt of electricity hits you!
You climb upwards.
You feel very sick.
There is a stone staircase leading down here.
Casting: Sandblast (safe; 1% risk of failure)
Confirm with . or Enter, or press ? or * to list all spells.
Aiming: Sandblast (safe; 1% risk of failure)
Press: ? - help, Shift-Dir - straight line, f - black mamba
Aim: a black mamba (heavily wounded, 76% to hit)
The blast of sand hits the black mamba!
The black mamba is almost dead.
Malevolent energies surge around you.
You feel very sick. The black mamba bites you!
The water moccasin closely misses you. The black mamba bites you!
* * * LOW HITPOINT WARNING * * *
You are lethally poisoned!
The black mamba poisons you! The water moccasin barely misses you.
The black mamba bites you!
You die...

#........##### #.#
#P######...#.# ##.#
### ##....#### ##P.#
### ##......###...#
..## ##P..........##
...# ##..........#.#
..##
##..........#### ..#
######............##
.##
#..........@S......#
.#
#.........S.......##
##
##..##.............#
#
#....####.........##
#..###
###.......##### #..#
##..........## ##..#
##....#####.# ##
#P..# ###.#### #.#
.# #P..# ##...## ###


You could see a black mamba and a water moccasin.

Vanquished Creatures
  Gastronok (Lair:1)
  A minotaur (Gauntlet)
  Fannar (D:12)
  An entropy weaver (shapeshifter) (D:10)
  Erolcha (D:9)
  A boulder beetle (D:11)
  2 two-headed ogres
  A wizard (Gauntlet)
  2 manticores (D:11)
  An ugly thing (D:11)
  A black mamba (Lair:1)
  Joseph (D:7)
  2 cane toads (Lair:1)
  Maggie (Lair:1)
  2 unseen horrors
  A minotaur zombie (Gauntlet)
  3 komodo dragons
  3 trolls
  3 hornets (Gauntlet)
  A wraith (D:10)
  A shadow (D:11)
  14 yaks
  2 fire bats (Gauntlet)
  3 wyverns
  Menkaure (D:7)
  An acid dragon (D:11)
  6 orc warriors
  5 water moccasins
  3 ogres
  An ice beast (D:7)
  2 black bears
  10 wolves
  2 centaurs
  A phantom (D:5)
  A kobold brigand (D:9)
  7 bullfrogs
  3 necrophages
  2 scorpions
  3 wights (D:7)
  4 killer bees (D:8)
  4 electric eels (D:8)
  7 howler monkeys
  A gnoll bouda (D:6)
  6 hounds
  2 jellies (D:6)
  Crazy Yiuf (D:7)
  6 orc priests
  5 orc wizards
  2 iguanas
  5 adders
  7 gnolls
  2 shadow imps
  5 white imps
  An ufetubus (D:6)
  3 worms
  2 dart slugs
  66 orcs
  4 ball pythons
  7 endoplasms
  3 giant cockroaches (D:1)
  3 goblins
  10 hobgoblins
  3 jackals (D:4)
  5 quokkas
  4 bats
  5 frilled lizards
  14 kobolds
  2 rats
287 creatures vanquished.

Vanquished Creatures (others)
  10 fungi
  16 plants (Gauntlet)
26 creatures vanquished.

Grand Total: 313 creatures vanquished

Notes
Turn   | Place    | Note
-------+----------+-------------------------------------------
     0 | D:1      | Nacht the Demonspawn Earth Elementalist began the quest for
                  | the Orb.
     0 | D:1      | Reached XP level 1. HP: 13/13 MP: 3/3
   331 | D:1      | Gained mutation: You are partially covered in yellow
                  | scales. (AC +2) [demonic ancestry]
   331 | D:1      | Reached XP level 2. HP: 19/19 MP: 3/5
  1269 | D:2      | Gained mutation: You have a small tail. [demonic ancestry]
  1269 | D:2      | Reached XP level 3. HP: 24/24 MP: 3/6
  1297 | D:2      | Found a faded altar of an unknown god.
  1585 | D:2      | Learned a level 2 spell: Passwall
  1589 | D:2      | Learned a level 3 spell: Stone Arrow
  1699 | D:2      | Reached XP level 4. HP: 30/30 MP: 4/7
  2077 | D:3      | Reached skill level 1 in Conjurations
  3011 | D:3      | Reached skill level 2 in Conjurations
  3011 | D:3      | Reached XP level 5. HP: 32/35 MP: 5/8
  3356 | D:4      | Noticed an ogre
  3360 | D:4      | Killed an ogre
  3361 | D:4      | Reached skill level 3 in Conjurations
  3458 | D:4      | Noticed an orc warrior
  3468 | D:5      | Entered Level 5 of the Dungeon
  3597 | D:5      | Noticed an ogre
  3601 | D:5      | Killed an ogre
  3602 | D:5      | Reached XP level 6. HP: 41/41 MP: 6/10
  3675 | D:4      | Reached skill level 5 in Earth Magic
  3892 | D:5      | Reached skill level 4 in Conjurations
  4011 | D:5      | Reached XP level 7. HP: 40/46 MP: 12/12
  4076 | D:5      | Found a staircase to the Ecumenical Temple.
  4115 | D:5      | Found Ickoa's Distillery.
  4569 | D:5      | Reached skill level 5 in Conjurations
  5562 | D:4      | Found the +1 Delatra's gloves {ID++}
  5741 | D:6      | Reached skill level 6 in Conjurations
  5741 | D:6      | Gained mutation: You are mostly covered in yellow scales.
                  | (AC +3) [demonic ancestry]
  5741 | D:6      | Reached XP level 8. HP: 49/52 MP: 14/14
  6419 | D:6      | Reached skill level 5 in Spellcasting
  6772 | D:7      | Reached skill level 7 in Conjurations
  7072 | D:7      | Noticed Joseph
  7078 | D:7      | Killed Joseph
  7079 | D:7      | Gained mutation: Spells you cast may paralyse adjacent
                  | enemies. [demonic ancestry]
  7079 | D:7      | Reached XP level 9. HP: 37/57 MP: 11/17
  7409 | D:7      | Noticed Menkaure
  7414 | D:7      | Killed Menkaure
  7471 | D:7      | Reached skill level 8 in Conjurations
  7799 | D:7      | Found a runed translucent door.
  7800 | D:7      | Noticed Crazy Yiuf
  8217 | D:8      | Found a staircase to the Lair.
  8244 | D:8      | Noticed a troll
  8265 | D:8      | Killed a troll
  8827 | D:8      | Identified the +2 robe "Bihicoku" {+Inv}
  8973 | D:8      | Reached XP level 10. HP: 42/63 MP: 14/20
  9741 | D:8      | Reached skill level 9 in Conjurations
 10508 | D:8      | Found a staircase to the Lair.
 11563 | D:9      | Noticed Erolcha
 11569 | D:9      | Killed Erolcha
 11883 | D:9      | Noticed a centaur warrior
 12108 | D:10     | Entered Level 10 of the Dungeon
 12178 | D:10     | Noticed an entropy weaver
 12190 | D:10     | Killed an entropy weaver
 12191 | D:10     | Reached skill level 10 in Conjurations
 12559 | Temple   | Entered the Ecumenical Temple
 12602 | Temple   | Became a worshipper of Vehumet
 12755 | D:7      | Killed Crazy Yiuf
 12831 | D:10     | Reached XP level 11. HP: 57/68 MP: 8/23
 13368 | D:10     | Noticed a two-headed ogre
 13407 | D:10     | Killed a two-headed ogre
 13499 | D:10     | Found Waeshru's Distillery.
 13692 | D:11     | Found a gate leading to a gauntlet.
 13722 | D:11     | Found a shimmering blue altar of Sif Muna.
 13775 | Gauntlet | Entered a Gauntlet
 13775 | Gauntlet | Noticed an oklob plant
 13775 | Gauntlet | Found a transporter.
 13775 | Gauntlet | Found a transporter.
 13775 | Gauntlet | Found a runed translucent door.
 13781 | Gauntlet | Found a transporter.
 13782 | Gauntlet | Found a runed translucent door.
 13793 | Gauntlet | Found a transporter.
 13811 | Gauntlet | Found a transporter.
 13811 | Gauntlet | Found a transporter.
 13813 | Gauntlet | Found a transporter.
 13813 | Gauntlet | Found a transporter.
 13815 | Gauntlet | Noticed a wizard
 13815 | Gauntlet | Noticed a white ugly thing
 13815 | Gauntlet | Noticed a wizard
 13816 | Gauntlet | Noticed a brown ugly thing
 13818 | Gauntlet | Found a runed translucent door.
 13818 | Gauntlet | Found a runed translucent door.
 13825 | Gauntlet | Found a transporter.
 13841 | Gauntlet | Found a transporter.
 13843 | Gauntlet | Noticed a great orb of eyes
 13848 | Gauntlet | Found a transporter.
 13866 | Gauntlet | Found a transporter.
 13886 | Gauntlet | Found a transporter.
 13886 | Gauntlet | Found a transporter.
 13889 | Gauntlet | Found a runed translucent door.
 13893 | Gauntlet | Noticed a fire crab
 14169 | Gauntlet | HP: 2/68 [fire crab (13)]
 14278 | Gauntlet | Reached skill level 10 in Earth Magic
 14465 | Gauntlet | Identified the ring "Teerphuu" {Str+3 Slay+4}
 14480 | Gauntlet | Killed a wizard
 14538 | Gauntlet | Identified the +3 ring mail "Joulaex" {rC+}
 14538 | Gauntlet | Noticed a minotaur
 14544 | Gauntlet | Killed a minotaur
 14545 | Gauntlet | Reached skill level 11 in Conjurations
 15100 | D:11     | Noticed a boulder beetle
 15108 | D:11     | Killed a boulder beetle
 15108 | D:11     | Reached * piety under Vehumet
 15108 | D:11     | Offered knowledge of Foxfire by Vehumet.
 15141 | D:11     | Reached skill level 10 in Spellcasting
 15147 | D:11     | Noticed a green ugly thing
 15159 | D:11     | Killed a green ugly thing
 15599 | D:11     | Noticed a two-headed ogre
 15604 | D:11     | Killed a two-headed ogre
 15888 | D:12     | Noticed Fannar
 15896 | D:12     | Killed Fannar
 15897 | D:12     | Gained mutation: You are completely covered in yellow
                  | scales. (AC +4, rCorr) [demonic ancestry]
 15897 | D:12     | Reached XP level 12. HP: 56/74 MP: 12/26
 15956 | Lair:1   | Entered Level 1 of the Lair of Beasts
 16148 | Lair:1   | Noticed Gastronok
 16159 | Lair:1   | Reached skill level 12 in Conjurations
 16202 | Lair:1   | Killed Gastronok
 16492 | Lair:1   | Noticed Maggie
 16500 | Lair:1   | Killed Maggie
 17732 | Lair:1   | Slain by a black mamba

Illustrated notes

Levels and vault maps discovered:
D:1:      heliophobic_arrival_enchanted_forest, layout_basic
D:2:      layout_basic, chequers_ecumenical_altar_island
D:3:      layout_loops_corners, eino_curves_01, kennysheep_boxes
D:4:      layout_rooms, serial_aquarium, aquarium_bridge_long_separate
          [aquarium_subvault_bridge, aquarium_subvault_bridge,
          aquarium_subvault_bridge, aquarium_subvault_bridge,
          aquarium_subvault_bridge, aquarium_subvault_wall],
          aquarium_window_corner, aquarium_window_corner,
          aquarium_window_corner, aquarium_view_2d, aquarium_view_2e,
          pf_guarded_unrand_delatra
D:5:      corexii_shack_village, layout_basic,
          minmay_temple_entry_enclosed_plants, serial_shops, shop_fountains,
          minmay_misc_feat_secret_circle
D:6:      layout_basic
D:7:      layout_gridville, uniq_joseph, uniq_menkaure, uniq_crazy_yiuf_cottage
D:8:      layout_loops_ring, erik_lair_island, minivault_27
D:9:      layout_roguey [special_room_orc], mainiacjoe_overflow_surrounded_room,
          lightli_corner_chamber, uniq_erolcha
D:10:     layout_roguey, serial_shops, shop_statue, kennysheep_generic_room_6
D:11:     layout_basic, gauntlet_entry_generic, nicolae_sif_muna_condensation
D:12:     layout_cave_pools, orc_david_3, nicolae_fountain_basement, uniq_sonja,
          uniq_josephine, uniq_fannar
Temple:   compressed_dpeg_circular_temple
Lair:1:   layout_layer_cave, lemuel_fruit_fields, uniq_gastronok, uniq_maggie
Lair:2:   layout_regular_city, swamp_mist, dummy_spider_entry,
          maelrawn_ghost_gauntlet_escape, dpeg_stationary_puzzle,
          grunt_megastairs_3

Skill      XL: |  1  2  3  4  5  6  7  8  9 10 11 12 |
---------------+-------------------------------------+-----
Earth Magic    | 3 4 5 7 8 9 11 | 11.6
Conjurations   | 2 3 4 6 7 8 10 11 12 | 12.0
Spellcasting   | 3 4 5 7 8 10 11 | 11.0
Dodging        | |  1.7
Stealth        | |  1.7
Transmutations | |  0.8

Action                     |  1- 3 |  4- 6 |  7- 9 | 10-12 || total
---------------------------+-------+-------+-------+-------++-------
  Melee: Dagger            |     1 |       |     3 |     5 ||     9
         Tailslap          |       |       |       |     1 ||     1
   Cast: Sandblast         |    54 |    90 |    69 |    80 ||   293
         Stone Arrow       |       |       |   102 |   215 ||   317
    Use: Scroll            |       |       |    12 |    11 ||    23
         Potion            |       |       |     2 |     6 ||     8
   Stab: Paralysed         |       |       |       |     1 ||     1
 Armour: Robe              |     3 |     9 |    31 |    54 ||    97
  Dodge: Dodged            |    14 |    31 |    50 |    87 ||   182

Table legend: (Time is in decaauts)
 A = Elapsed time spent in this place.
 B = Non-inter-level travel time spent in this place.
 C = Inter-level travel time spent in this place.
 D = Time resting spent in this place.
 E = Time spent auto-exploring this place.
 F = Levels seen in this place.
 G = Mean time per level.
                   A        B        C        D        E       F      G
               +--------+--------+--------+--------+--------+-----+--------+
         Total |  17899 |  16999 |    900 |      0 |  14693 |  16 | 1118.7 |
       Dungeon |  15044 |  14273 |    771 |      0 |  12586 |  12 | 1253.7 |
        Temple |     74 |     44 |     30 |      0 |      9 |   1 |   74.0 |
          Lair |   1786 |   1688 |     98 |      0 |   1506 |   2 |  893.0 |
      Gauntlet |    994 |    994 |      0 |      0 |    591 |   1 |  994.0 |
               +--------+--------+--------+--------+--------+-----+--------+

Top non-repeatable levels by time:
     D:8: 2778 daAuts
  Lair:1: 1629 daAuts
     D:7: 1545 daAuts
     D:5: 1535 daAuts
     D:9: 1333 daAuts
    D:11: 1273 daAuts
     D:3: 1227 daAuts
     D:1: 1205 daAuts
    D:10: 1174 daAuts
     D:6: 1037 daAuts
     D:4: 1006 daAuts
Gauntlet: 994 daAuts
     D:2: 900 daAuts
  Lair:2: 157 daAuts
  Temple: 74 daAuts
